 Dungeon Crawl Stone Soup version 0.30.0-5-g1a98f26d00 (webtiles) character file.

Game seed: 13667879331734100692

12968 meatpath the Fighter (level 11, -7/107 HPs)
             Began as a Minotaur Fighter on May 9, 2023.
             Was a Priest of the Shining One.
             Mangled by a brown ugly thing (12 damage)
             ... on level 12 of the Dungeon.
             The game lasted 00:31:23 (11849 turns).

meatpath the Fighter (Minotaur Fighter)            Turns: 11849, Time: 00:31:23

Health: -7/107     AC:  8    Str: 23    XL:     11   Next: 69%
Magic:  7/10       EV: 16    Int:  7    God:    the Shining One [***...]
Gold:   808        SH: 13    Dex: 10    Spells: 10/10 levels left

rFire   . . .        C - +0 broad axe
rCold   . . .        y - +2 buckler
rNeg    + . .        n - +0 chain mail
rPois   .            (helmet restricted)
rElec   .            A - +0 cloak
rCorr   .            v - +1 pair of gloves
SInv    .            G - +0 pair of boots
Will    +....        (no amulet) Stlth
                     l - +5 ring of evasion
HPRegen 0.37/turn    e - ring of willpower
MPRegen 0.12/turn

%: no passive effects
@: divinely shielded, corroded, glowing, studying Throwing
A: horns 2, retaliatory headbutt
a: Renounce Religion, Divine Shield, Cleansing Flame


You were on level 12 of the Dungeon.
You worshipped the Shining One.
The Shining One was most pleased with you.
You visited 2 branches of the dungeon, and saw 13 of its levels.

You collected 880 gold pieces.
You spent 72 gold pieces at shops.

Inventory:

Hand Weapons
 C - a +0 broad axe (weapon)
Missiles
 o - 3 throwing nets (quivered)
Armour
 n - a +0 chain mail (worn)
 v - a +1 pair of gloves (worn)
 y - a +2 buckler (worn)
 A - a +0 cloak (worn)
 G - a +0 pair of boots (worn)
Jewellery
 a - a ring of ice
 e - a ring of willpower (right hand)
 j - a ring of fire
 l - a +5 ring of evasion (left hand)
 z - a +6 ring of intelligence
Wands
 h - a wand of light (23)
 q - a wand of flame (23)
 x - a wand of charming (5)
 F - a wand of digging (5)
 H - a wand of roots (5)
Scrolls
 b - a scroll of enchant weapon
 c - a scroll of identify
 f - 2 scrolls of enchant armour
 m - a scroll of fog
 s - 2 scrolls of amnesia
 t - 2 scrolls of teleportation {unknown}
 B - 2 scrolls of fear
 E - a scroll of silence
Potions
 d - a potion of magic {unknown}
 g - 4 potions of attraction
 i - 2 potions of ambrosia {unknown}
 k - a potion of brilliance {unknown}
 p - 4 potions of mutation {unknown}
 r - a potion of cancellation {unknown}
 u - a potion of flight {unknown}
 w - 5 potions of curing {unknown}
 D - a potion of degeneration {unknown}


   Skills:
 + Level 13.4 Fighting
 + Level 13.2 Axes
 - Level 9.0 Armour
 + Level 8.8 Dodging
 - Level 5.0 Shields


You had 10 spell levels left.
You didn't know any spells.
Your spell library contained the following spells:

 Spells                   Type           Power      Damage    Failure   Level
 Dazzling Flash           Conj/Hex       0%         N/A       100%        3
 Stone Arrow              Conj/Erth      0%         3d7       100%        3
 Volatile Blastmotes      Fire/Tloc      0%         2d10      100%        3
 Animate Armour           Summ/Erth      0%         N/A       100%        4
 Iskenderun's Mystic Bla  Conj/Tloc      0%         2d3       100%        4
 Starburst                Conj/Fire      0%         6d3       100%        6
 Lehudib's Crystal Spear  Conj/Erth      0%         10d2      100%        8


Dungeon Overview and Level Annotations

Branches:
Dungeon (12/15)            Temple (1/1) D:5            Lair (0/5) D:10
    Orc (0/2) D:9

Altars:
Ashenzari
Cheibriados
Dithmenos
Elyvilon
Fedhas
Gozag
Hepliaklqana
Kikubaaqudgha
Makhleb
Nemelex Xobeh
Okawaru
Qazlal
Ru
Sif Muna
Trog
Uskayaw
Vehumet
Wu Jian
Xom
Yredelemnul
Zin
The Shining One

Shops:
D:8 :   D:9 [


Innate Abilities, Weirdness & Mutations

You have a pair of horns on your head.
You reflexively headbutt those who attack you in melee.


Message History

The two-headed ogre hits you with a +0 giant club!
You are too injured to fight recklessly!
You are too injured to fight recklessly!
You are too injured to fight recklessly!
Okay, then.
Your shield is strengthened by the Shining One's divine power.
The brown ugly thing stings you!
You are splashed with acid!
You hit the brown ugly thing. You headbutt the brown ugly thing.
The brown ugly thing is moderately wounded.
You hit the two-headed ogre. You block the two-headed ogre's attack.
The two-headed ogre barely misses you.
You block the brown ugly thing's attack.
You barely miss the brown ugly thing.
The brown ugly thing is moderately wounded.
You hit the two-headed ogre but do no damage.
You block the brown ugly thing's attack.
You block the two-headed ogre's attack.
The two-headed ogre completely misses you.
You hit the two-headed ogre.
Your headbutt misses the two-headed ogre.
The two-headed ogre is almost dead.
You hit the brown ugly thing but do no damage.
The brown ugly thing stings you but does no damage.
You hit the two-headed ogre.
You kill the two-headed ogre!
You hit the brown ugly thing. The brown ugly thing stings you!
* * * LOW HITPOINT WARNING * * *
The acid corrodes you!
You are splashed with acid!
* * * LOW HITPOINT WARNING * * *
You hit the brown ugly thing but do no damage.
The brown ugly thing is moderately wounded.
The brown ugly thing stings you!
* * * LOW HITPOINT WARNING * * *
You are splashed with acid!
* * * LOW HITPOINT WARNING * * *
Okay, then.
Activating: Cleansing Flame (83% risk of failure)
Press: ? - help, Dir - look around, f - activate You fail to use your ability.
The brown ugly thing stings you!
You die...

######+#
#......#
#......#
#+#......#
#.....u..#
#......@)#
+........#
#######..+
####


You could see a brown ugly thing.

Vanquished Creatures
  Josephine (D:11)
  Erolcha (D:10)
  3 two-headed ogres
  Pikel (D:7)
  A manticore (D:7)
  Joseph (D:7)
  Maggie (D:7)
  A gargoyle (D:10)
  A komodo dragon (D:10)
  4 trolls
  A shadow (D:10)
  6 wraiths (D:11)
  10 yaks (D:8)
  A steam dragon (D:10)
  2 water moccasins
  A sky beast (D:8)
  3 ice beasts
  An orc warrior (D:10)
  A black bear (D:7)
  3 lemures (D:7)
  A centaur (D:8)
  2 phantoms
  Blork the orc (D:5)
  5 bullfrogs
  A gnoll sergeant (D:9)
  2 scorpions
  15 wights
  18 killer bees
  4 electric eels (D:10)
  3 hounds
  4 jellies
  10 orc priests
  A gnoll bouda (D:8)
  An iguana (D:4)
  2 sleepcaps
  Ijyb (D:3)
  9 orc wizards
  A mummy (D:6)
  20 gnolls
  10 adders
  2 shadow imps
  An ufetubus (D:5)
  2 worms
  A dart slug (D:4)
  26 orcs
  7 ball pythons
  7 bats
  3 endoplasms
  5 giant cockroaches
  38 goblins
  24 hobgoblins
  5 jackals
  9 kobolds
  3 quokkas
  5 frilled lizards
  7 rats
300 creatures vanquished.

Notes
Turn   | Place    | Note
-------+----------+-------------------------------------------
     0 | D:1      | meatpath the Minotaur Fighter began the quest for the Orb.
     0 | D:1      | Reached XP level 1. HP: 19/19 MP: 0/0
   129 | D:1      | Reached XP level 2. HP: 27/27 MP: 1/1
   523 | D:2      | Reached XP level 3. HP: 33/33 MP: 2/2
  1026 | D:2      | Reached XP level 4. HP: 41/41 MP: 3/3
  1209 | D:3      | Found an ornate altar of the Wu Jian Council.
  1235 | D:3      | Found a sacrificial altar of Ru.
  1382 | D:3      | Noticed Ijyb
  1415 | D:3      | Killed Ijyb
  1666 | D:3      | Reached skill level 5 in Fighting
  1666 | D:3      | Reached skill level 5 in Shields
  1666 | D:3      | Reached XP level 5. HP: 48/48 MP: 4/4
  2227 | D:3      | Reached XP level 6. HP: 52/56 MP: 5/5
  2692 | D:4      | Reached skill level 5 in Axes
  2857 | D:4      | Reached skill level 5 in Armour
  3112 | D:4      | Reached XP level 7. HP: 44/61 MP: 6/6
  3340 | D:4      | Found a hide-covered altar of Uskayaw.
  3370 | D:4      | Found a broken altar of Ashenzari.
  3672 | D:4      | Found a white marble altar of Elyvilon.
  3827 | D:5      | Entered Level 5 of the Dungeon
  3955 | D:5      | Noticed Blork the orc
  3963 | D:5      | Killed Blork the orc
  4505 | D:5      | Found a staircase to the Ecumenical Temple.
  4514 | Temple   | Entered the Ecumenical Temple
  4521 | Temple   | Became a worshipper of the Shining One
  4612 | D:5      | Found a shimmering altar of Xom.
  5034 | D:6      | Reached XP level 8. HP: 72/73 MP: 7/7
  5288 | D:6      | Found a sparkling altar of Nemelex Xobeh.
  5545 | D:6      | Found a snail-covered altar of Cheibriados.
  5627 | D:6      | Found a bloodstained altar of Trog.
  5628 | D:6      | Found an iron altar of Okawaru.
  5813 | D:7      | Noticed Maggie
  5823 | D:7      | Killed Maggie
  6012 | D:7      | Noticed Pikel
  6024 | D:8      | Reached XP level 9. HP: 68/82 MP: 8/8
  6137 | D:7      | Noticed Joseph
  6826 | D:7      | Killed Joseph
  7129 | D:7      | Killed Pikel
  7130 | D:7      | Reached skill level 10 in Fighting
  7163 | D:7      | Noticed a manticore
  7179 | D:7      | Killed a manticore
  7180 | D:7      | Reached skill level 10 in Axes
  7456 | D:7      | Reached XP level 10. HP: 87/94 MP: 9/9
  7498 | D:7      | Reached * piety under the Shining One
  8287 | D:8      | Reached skill level 5 in Dodging
  8416 | D:8      | Found Xiejocof's Book Emporium.
  8432 | D:8      | Found an ancient bone altar of Kikubaaqudgha.
  8768 | D:9      | Found a radiant altar of Vehumet.
  8824 | D:9      | Found Erphueffirgh's Armour Boutique.
  8842 | D:9      | Found a staircase to the Orcish Mines.
  8902 | D:9      | Bought a +0 pair of boots for 72 gold pieces
  8985 | D:9      | Found a stormy altar of Qazlal.
  9948 | D:10     | Entered Level 10 of the Dungeon
  9970 | D:10     | Reached ** piety under the Shining One
 10204 | D:10     | Found an opulent altar of Gozag.
 10204 | D:10     | Noticed Erolcha
 10215 | D:10     | Killed Erolcha
 10216 | D:10     | Reached XP level 11. HP: 105/105 MP: 10/10
 10320 | D:10     | Found a staircase to the Lair.
 10386 | D:10     | Noticed a two-headed ogre
 10395 | D:10     | Killed a two-headed ogre
 11441 | D:11     | Noticed Josephine
 11441 | D:11     | Reached *** piety under the Shining One
 11463 | D:11     | Killed Josephine
 11499 | D:11     | Noticed a two-headed ogre
 11507 | D:11     | Killed a two-headed ogre
 11735 | D:11     | Noticed a two-headed ogre
 11736 | D:11     | Noticed a boulder beetle
 11737 | D:11     | Noticed a brown ugly thing
 11847 | D:12     | Killed a two-headed ogre
 11848 | D:12     | HP: 5/107 [acid (8)]
 11849 | D:12     | Mangled by a brown ugly thing

Illustrated notes

Levels and vault maps discovered:
D:1:      dpeg_arrival_houses_and_road, layout_rooms,
          corexii_hall_statues_deadend, reono_crystal_passage,
          serial_bayou_crossing
D:2:      layout_rooms, minmay_misc_feat_columns, chequers_serial_rivers_micro_a
D:3:      minmay_goblin_kobold_castle, layout_basic,
          mainiacjoe_overflow_alcove_1, nicolae_wu_jian_glorious_leap,
          grunt_ministairs_14, uniq_ijyb
D:4:      layout_basic, nicolae_elyvilon_temple_path,
          mainiacjoe_overflow_two_lobes
D:5:      layout_rooms, amcnicky_altar_gilded, lemuel_temple_firewalk_a,
          serial_co_window_serial, co_window_paths_a, co_window_paths_a,
          co_window_of_opportunity_a, co_window_paths_b, co_window_paths_b,
          co_window_paths_a, co_window_corner_cb, co_window_unsneaky_path_e,
          co_window_corner_b, co_window_2corner, co_window_2corner,
          co_window_corner_ca, glass_columns_a, glass_columns_a,
          glass_columns_a, glass_columns_c, glass_columns_a, uniq_blork_the_orc
D:6:      wad_lake_hut, layout_loops_corners, chei_slow_surprise,
          lemuel_doored_altar, grunt_temple_overflow_bloody_war
D:7:      layout_cave_pools, nrook_campfire, minmay_misc_feat_tiny,
          corner_web_ring, minmay_manual_mess, uniq_joseph, uniq_pikel,
          uniq_maggie
D:8:      layout_basic, kennysheep_mini_moat, kennysheep_windowed_goal
D:9:      layout_loops_corners, old_standard_altar, mainiacjoe_overflow_paths,
          orc_david_3
D:10:     layout_basic, mainiacjoe_overflow_boulevard, david_lair_shrubbed,
          uniq_erolcha
D:11:     layout_grid_maze, enter_trove_0, uniq_josephine
D:12:     layout_irregular_city, gammafunk_ghost_arena, serial_shops, shop
Temple:   hellmonk_temple_micro_hex

Skill      XL: |  1  2  3  4  5  6  7  8  9 10 11 |
---------------+----------------------------------+-----
Shields        | 4 5 |  5.0
Fighting       | 4 5 6 7 8 10 12 13 | 13.4
Axes           | 3 4 5 6 8 10 12 13 | 13.2
Armour         | 4 5 6 8 9 |  9.0
Dodging        | 3 7 8 |  8.8

Action                     |  1- 3 |  4- 6 |  7- 9 | 10-12 || total
---------------------------+-------+-------+-------+-------++-------
  Melee: War axe           |    81 |   193 |   204 |       ||   478
         Headbutt          |     7 |    31 |    50 |    65 ||   153
         Broad axe         |       |       |    38 |   241 ||   279
 Invoke: Divine Shield     |       |       |       |     1 ||     1
    Use: Scroll            |       |     1 |     6 |     6 ||    13
         Potion            |       |       |     3 |     1 ||     4
 Armour: Scale mail        |    33 |    15 |       |       ||    48
         Chain mail        |       |    91 |   153 |    56 ||   300
  Dodge: Dodged            |    41 |    99 |    98 |   150 ||   388
  Block: Buckler           |    22 |    46 |    81 |    77 ||   226
